 Dungeon Crawl Stone Soup version 0.27.0-1-g7a089689b8 (webtiles) character file.

Game seed: 13050667027884234395

71 rjrrt the Firebug (level 4, -3/24 HPs)
             Began as a Deep Elf Fire Elementalist on Aug 10, 2021.
             Slain by an orc (9 damage)
             ... on level 2 of the Dungeon.
             The game lasted 00:04:31 (1652 turns).

rjrrt the Firebug (Deep Elf Fire Elementalist)      Turns: 1652, Time: 00:04:32

Health: -3/24      AC:  3    Str:  5    XL:     4   Next: 5%
Magic:  4/11       EV: 12    Int: 21    God:
Gold:   26         SH:  0    Dex: 15    Spells: 6/10 levels left

rFire    . . .     SeeInvis .   a - +0 dagger (venom)
rCold    . . .     Faith    .   (no shield)
rNeg     . . .     Spirit   .   g - +0 robe
rPois    .         Reflect  .   j - +0 helmet
rElec    .         Harm     .   (no cloak)
rCorr    .         Rampage  .   (no gloves)
Will     .....                  (no boots)
Stlth    ++........             (no amulet)
HPRegen  0.08/turn              (no ring)
MPRegen  0.12/turn              (no ring)

@: very slightly contaminated
A: no striking features
a: no special abilities


You were on level 2 of the Dungeon.
You visited 1 branch of the dungeon, and saw 2 of its levels.

You collected 26 gold pieces.

Inventory:

Hand Weapons
 a - a +0 dagger of venom (weapon)
 b - a +0 spear
Armour
 g - a +0 robe (worn)
 j - a +0 helmet (worn)
Scrolls
 h - a scroll of magic mapping {unknown}
Potions
 c - 2 potions of haste {unknown}
 d - a potion of lignification {unknown}
 e - a potion of flight {unknown}
 f - a potion of brilliance {unknown}
 i - a potion of cancellation {unknown}


   Skills:
 - Level 2.4 Dodging
 - Level 2.4 Stealth
 + Level 3.7 Spellcasting
 * Level 2.8 Conjurations
 * Level 4.3 Fire Magic


You had 6 spell levels left.
You knew the following spells:

 Your Spells              Type           Power      Damage    Failure   Level
a - Foxfire               Conj/Fire      72%        2x1d7     3%          1
B - Conjure Flame         Conj/Fire      18%        6-21      9%          3

Your spell library contained the following spells:

 Spells                   Type           Power      Damage    Failure   Level
 Inner Flame              Hex/Fire       12%        N/A       16%         3
 Slow                     Hex            3%         N/A       19%         2
 Sticky Flame             Conj/Fire      18%        2d4       28%         4
 Confusing Touch          Hex            3%         N/A       36%         3
 Fireball                 Conj/Fire      9%         3d6       63%         5
 Yara's Violent Unravell  Hex/Tmut       1%         3d3       98%         5


Dungeon Overview and Level Annotations

Branches:
Dungeon (2/15)

Altars:
Trog


Message History

You conjure some foxfire!
The foxfire hits the orc.
The orc is moderately wounded.
The foxfire hits the orc.
The orc is heavily wounded.
The orc hits you from afar with a +0 trident.
Unknown command.
Casting: Foxfire (safe; 3% risk of failure)
Confirm with . or Enter, or press ? or * to list all spells.
You conjure some foxfire!
The orc hits you from afar with a +0 trident!
The foxfire hits the orc.
The orc is lightly wounded.
The foxfire hits the orc.
The orc is severely wounded.
The orc closely misses you.
Unknown command.
Casting: Foxfire (safe; 3% risk of failure)
Confirm with . or Enter, or press ? or * to list all spells.
You conjure some foxfire!
The foxfire hits the orc.
You kill the orc!
The orc hits you from afar with a +0 trident.
* * * LOW HITPOINT WARNING * * *
The foxfire hits the orc.
The orc is almost dead.
The orc hits you from afar with a +0 trident.
* * * LOW HITPOINT WARNING * * *
Unknown command.
Casting: Foxfire (safe; 3% risk of failure)
Confirm with . or Enter, or press ? or * to list all spells.
You miscast Foxfire.
You are very lightly contaminated with residual magic.
Nothing appears to happen.
The orc closely misses you.
Unknown command.
Unknown command.
Casting: Foxfire (safe; 3% risk of failure)
Confirm with . or Enter, or press ? or * to list all spells.
You conjure some foxfire!
The orc hits you from afar with a +0 trident!
You die...

#.# #.#.# ##.## #.#.# ....#
###.#.# ....# #.....# ##..##
#.#.#.### .#...###.#.#...#
.#.......†.†.#)#####
...........#.#.v).)###########
....####.###.###@vo))........#
###.# #.# ... #)#.#########)#
#.# #.# #.# #.#.# #.# ###.##
... .>. ..#.# #o# .....# #.#
#.#.###.# #.# ###..# ### ..
#.# #o#### .....# .# #.#
#....o ####.# #. .#. ######
#.#


You could see an orc (ally target).

Vanquished Creatures
  Robin (D:2)
  An adder (D:2)
  A dart slug (D:1)
  2 orcs (D:2)
  3 bats
  3 endoplasms
  A giant cockroach (D:1)
  5 hobgoblins
  4 jackals
  A quokka (D:2)
  3 ball pythons (D:1)
  A frilled lizard (D:1)
  12 goblins
  4 kobolds
  2 rats (D:1)
44 creatures vanquished.

Vanquished Creatures (collateral kills)
  A foxfire (D:1)
1 creature vanquished.

Vanquished Creatures (others)
  98 foxfires
98 creatures vanquished.

Grand Total: 143 creatures vanquished

Notes
Turn   | Place    | Note
-------+----------+-------------------------------------------
     0 | D:1      | rjrrt the Deep Elf Fire Elementalist began the quest for
                  | the Orb.
     0 | D:1      | Reached XP level 1. HP: 10/10 MP: 6/6
   137 | D:1      | Found a faded altar of an unknown god.
   241 | D:1      | Reached XP level 2. HP: 9/15 MP: 4/8
  1126 | D:2      | Reached XP level 3. HP: 17/19 MP: 5/9
  1159 | D:2      | Found a bloodstained altar of Trog.
  1267 | D:2      | Reached skill level 4 in Fire Magic
  1310 | D:2      | Learned a level 3 spell: Conjure Flame
  1449 | D:2      | Noticed Robin
  1455 | D:2      | Killed Robin
  1633 | D:2      | Reached XP level 4. HP: 19/24 MP: 7/11
  1652 | D:2      | Slain by an orc

Illustrated notes

Levels and vault maps discovered:
D:1:      kennysheep_arrival_forest, layout_loops_ring,
          shapermc_ecumenical_altar_gd
D:2:      layout_loops_ring, basic_altar, minivault_23, uniq_robin

Skill      XL: |  1  2  3 |
---------------+----------+-----
Conjurations   | 2 |  2.8
Fire Magic     | 4 |  4.3
Dodging        | |  2.4
Stealth        | |  2.4
Spellcasting   | |  3.7

Action                   |  1- 3 |  4- 6 || total
-------------------------+-------+-------++-------
Melee: Dagger            |     5 |       ||     5
 Cast: Foxfire           |    65 |     4 ||    69
Armor: Robe              |     6 |       ||     6
Dodge: Dodged            |    24 |     2 ||    26
